[Event "Polish University-ch Teams 2024"]
[Site "Lublin"]
[Date "2024.02.24"]
[Round "2.10"]
[White "Poplawski, Maciej"]
[Black "Syrkiewicz, Michal"]
[Result "0-1"]
[ECO "D01"]
[WhiteElo "1900"]
[BlackElo "2074"]
[Annotator "NA RC"]
[PlyCount "46"]
[EventDate "2024.02.22"]
[EventType "team-tourn"]
[EventCountry "POL"]
[SourceTitle "playchess.com"]
[Source "ChessBase"]
[SourceQuality "1"]
[TimeControl "900+5"]

1. d4 d5 2. Nc3 Nf6 3. Bg5 Bf5 4. f3 c5 5. e3 Nc6 6. dxc5 e6 7. e4 dxe4 8. Qxd8+ Rxd8 9. Bb5 Bg6 10. Bxf6 Be7 11. Bxc6+ bxc6 12. Rc1 O-O 13. Rd1 Rxd1+ 14. Kxd1 Rd8+ 15. Kc1 Rd2 16. b4 Bxf6 17. a4 Rxg2 18. b5 cxb5 19. axb5 exf3 20. b6 axb6 21. cxb6 f2 22. b7 Be5 23. h4 Bg3 0-1

[Event "Polish University-ch Teams 2024"]
[Site "Lublin"]
[Date "2024.02.24"]
[Round "2.11"]
[White "Kaminski, Maciej"]
[Black "Twardowski, Hubert"]
[Result "1-0"]
[ECO "B32"]
[WhiteElo "1869"]
[BlackElo "1848"]
[Annotator "NA RC"]
[PlyCount "129"]
[EventDate "2024.02.22"]
[EventType "team-tourn"]
[EventCountry "POL"]
[SourceTitle "playchess.com"]
[Source "ChessBase"]
[SourceQuality "1"]
[TimeControl "900+5"]

1. e4 c5 2. Nf3 Nc6 3. d4 cxd4 4. Nxd4 e5 5. Nb5 d6 6. N1c3 a6 7. Na3 b5 8. Nd5 Be7 9. c4 b4 10. Nc2 Rb8 11. Be2 Nf6 12. Nxe7 Nxe7 13. Qd3 Qc7 14. Bg5 Nd7 15. Bxe7 Kxe7 16. Ne3 Nf6 17. O-O Be6 18. Nd5+ Bxd5 19. cxd5 Rhe8 20. Rac1 Qb7 21. Rc6 Rbc8 22. Rxa6 Rc5 23. a3 Rec8 24. f4 exf4 25. Rxf4 Rc1+ 26. Bf1 Kf8 27. h3 bxa3 28. Qxa3 Qe7 29. Qxd6 Qxd6 30. Rxd6 Ke7 31. Ra6 R8c4 32. Kh2 Nxd5 33. Bxc4 Nxf4 34. Ra7+ Kd6 35. Rxf7 Ke5 36. Bd5 g6 37. Re7+ Kd4 38. Kg3 Ke3 39. Ra7 Ne2+ 40. Kh2 Rc2 41. Ra3+ Kf4 42. Rf3+ Ke5 43. Rf2 h5 44. b3 h4 45. Bc4 Nd4 46. Rxc2 Nxc2 47. Bd5 Kf4 48. Bf7 Nd4 49. b4 Kxe4 50. Bxg6+ Kd5 51. Bd3 Nc6 52. b5 Ne5 53. Be2 Nd7 54. g3 hxg3+ 55. Kxg3 Ke5 56. h4 Kf6 57. Kf4 Nb6 58. Ke4 Ke6 59. Kd4 Kd6 60. Bc4 Nd7 61. h5 Nf6 62. h6 Kc7 63. Ke5 Ng4+ 64. Kf5 Nxh6+ 65. Ke4 1-0

[Event "Polish University-ch Teams 2024"]
[Site "Lublin"]
[Date "2024.02.24"]
[Round "2.12"]
[White "Lascar, Radoslawa"]
[Black "Harazinska, Magdalena"]
[Result "0-1"]
[ECO "B84"]
[WhiteElo "1804"]
[BlackElo "1950"]
[Annotator "NA RC"]
[PlyCount "76"]
[EventDate "2024.02.22"]
[EventType "team-tourn"]
[EventCountry "POL"]
[SourceTitle "playchess.com"]
[Source "ChessBase"]
[SourceQuality "1"]
[TimeControl "900+5"]

1. e4 c5 2. Nf3 a6 3. d4 cxd4 4. Nxd4 Nf6 5. Nc3 d6 6. a4 Qc7 7. Be3 e6 8. Be2 Be7 9. O-O O-O 10. Kh1 b6 11. f4 Bb7 12. Bf3 Nbd7 13. Qe1 Nc5 14. Bd2 Rfd8 15. b4 Ncd7 16. Rb1 Qc4 17. Qf2 Rac8 18. Be2 Qc7 19. Bd3 e5 20. Nf5 Bf8 21. Qh4 exf4 22. Qg5 Ne5 23. Nd5 Nxd5 24. exd5 f6 25. Qxf4 Nxd3 26. cxd3 Bxd5 27. Ne3 Bf7 28. Ng4 d5 29. Qf3 d4 30. Bf4 Bd6 31. Qg3 Bxf4 32. Qxf4 Qxf4 33. Rxf4 Rc3 34. Nf2 Ba2 35. Ra1 Bb3 36. b5 a5 37. Re4 Kf7 38. g3 Bd5 0-1

[Event "Polish University-ch Teams 2024"]
[Site "Lublin"]
[Date "2024.02.24"]
[Round "2.13"]
[White "Zerebiec, Maurycy"]
[Black "Kosakowski, Jakub"]
[Result "0-1"]
[ECO "A36"]
[WhiteElo "1996"]
[BlackElo "2482"]
[Annotator "ChessBase"]
[PlyCount "62"]
[EventDate "2024.02.22"]
[EventType "team-tourn"]
[EventCountry "POL"]
[SourceTitle "playchess.com"]
[Source "ChessBase"]
[SourceQuality "1"]
[TimeControl "900+5"]

1. c4 e6 2. e4 c5 3. Nc3 Nc6 4. g3 g6 5. Bg2 Bg7 6. Nge2 Nge7 7. a3 O-O 8. Rb1 d5 9. exd5 exd5 10. cxd5 Ne5 11. d4 cxd4 12. Nxd4 Bg4 13. f3 Bc8 14. O-O Nxd5 15. Nxd5 Qxd5 16. f4 Qxd4+ 17. Qxd4 Nf3+ 18. Rxf3 Bxd4+ 19. Be3 Bf5 20. Re1 Rfe8 21. Kf2 Bxb2 22. Bc5 Rec8 23. Rb3 Rxc5 24. Rxb2 Rd8 25. Bxb7 Rc3 26. Ra1 Rb8 27. Rb4 a5 28. Rb5 Bd3 29. Rb6 Be4 30. Re1 Rxb7 31. Ra6 Rb2+ 0-1

[Event "Polish University-ch Teams 2024"]
[Site "Lublin"]
[Date "2024.02.24"]
[Round "2.14"]
[White "Niedbala, Bartlomiej"]
[Black "Jankowiak, Tomasz"]
[Result "1-0"]
[ECO "B12"]
[WhiteElo "2382"]
[BlackElo "2158"]
[Annotator "TA"]
[PlyCount "53"]
[EventDate "2024.02.22"]
[EventType "team-tourn"]
[EventCountry "POL"]
[SourceTitle "playchess.com"]
[Source "ChessBase"]
[SourceQuality "1"]
[TimeControl "900+5"]

1. e4 c6 2. d4 d5 3. e5 Bf5 4. Nf3 e6 5. Be2 c5 6. Be3 Qb6 7. Nc3 Nc6 8. O-O {[%emt 0:00:02] dxc5 would now be deadly.} Qxb2 9. Qe1 (9. Nb5 $16 {Threatens to win with Nc7+.} c4 10. Nc7+ Kd7 11. Nxa8 Bxc2 12. Qd2) 9... Bxc2 (9... cxd4 $1 $11 10. Bxd4 Qb4 (10... Qxc2 $2 11. Rc1 $18) (10... Bxc2 $2 11. Nb5 $18)) 10. Qd2 (10. Nb5 c4 11. Nc7+ Kd7 12. Nxa8 Bb4 $17) (10. dxc5 $142 {Strongly threatening Qd2.} Bg6 11. a3 (11. Nb5 Rc8 $14)) 10... c4 $2 {[%emt 0:07:06] [#] This costs Black the game.} (10... cxd4 $16 11. Bxd4 Nxd4 12. Nxd4 Bb4) 11. Rab1 $1 $18 Qa3 12. Qxc2 Bb4 $2 (12... Nb4 13. Qb2 Qxb2 14. Rxb2 b6) 13. Nb5 Qa5 14. Nd6+ Bxd6 15. exd6 b5 (15... Nf6 {is tougher.} 16. Rxb7 O-O) 16. Ne5 Qb6 17. d7+ Kf8 {[%emt 0:00:02][%cal Be8f8,Bf8e7,Be7f6,Bf6e5][%mdl 32] [#]} 18. Bxc4 $1 dxc4 {[%emt 0:01:01] [#]} (18... Nxe5 19. dxe5) 19. d5 $1 Qc7 (19... Nxe5 20. Bxb6) 20. dxc6 Qxe5 21. Qd2 Ke7 22. Qb4+ Kf6 23. Rfd1 Ne7 24. Bd4 Nd5 25. Bxe5+ Kxe5 26. Qxb5 (26. Rxd5+ $142 Kf6 27. Qd6 (27. Rxb5 h6 $18) (27. c7 Kg6 $18) 27... h6 28. c7 (28. Rbxb5 Rad8 $18) (28. Rdxb5 c3 $18) 28... Rac8 29. Rbxb5 (29. d8=B+ Kg6 $18) 29... Kg6 30. Rb8 (30. d8=N Kh7 $18) 30... Rxb8 31. cxb8=R (31. cxb8=Q Rxb8 32. Qxb8 c3 33. d8=Q c2)) 26... Rab8 27. Qxb8+ {[%emt 0:00:04] Weighted Error Value: White=0.44/Black=1.99.  Loses game:     	---       	Black=1      Mistake:       	White=2     	Black=3      Inaccurate:     	White=1     	Black=2      OK:         	White=3     	Black=3      Best:        	White=1     	Black=1} 1-0

[Event "Polish University-ch Teams 2024"]
[Site "Lublin"]
[Date "2024.02.24"]
[Round "2.15"]
[White "Turek, Michal"]
[Black "Hasterok, Mateusz"]
[Result "0-1"]
[ECO "B48"]
[WhiteElo "1750"]
[BlackElo "2150"]
[Annotator "ChessBase"]
[PlyCount "74"]
[EventDate "2024.02.22"]
[EventType "team-tourn"]
[EventCountry "POL"]
[SourceTitle "playchess.com"]
[Source "ChessBase"]
[SourceQuality "1"]
[TimeControl "900+5"]

1. e4 c5 2. Nf3 e6 3. d4 cxd4 4. Nxd4 Nc6 5. Nc3 a6 6. f4 Qc7 7. Be3 b5 8. Nxc6 Qxc6 9. a3 b4 10. axb4 Bxb4 11. Qd4 Bxc3+ 12. bxc3 Nf6 13. e5 Nd5 14. Bd2 Ne7 15. Qc4 Qxc4 16. Bxc4 Bb7 17. Kf2 O-O 18. Rhb1 Rfb8 19. Rb6 Bc8 20. Rxb8 Rxb8 21. Ra4 Ra8 22. Be3 Bb7 23. g4 h6 24. Bd3 f6 25. exf6 gxf6 26. f5 Kg7 27. fxe6 dxe6 28. Bc5 Nd5 29. c4 Nf4 30. Ke3 e5 31. Rb4 Bg2 32. Be4 Bxe4 33. Kxe4 Kg6 34. Rb7 Rc8 35. Be3 Rxc4+ 36. Kf3 Nd5 37. h4 Nxe3 0-1

[Event "Polish University-ch Teams 2024"]
[Site "Lublin"]
[Date "2024.02.24"]
[Round "2.16"]
[White "Brozyna, Mateusz"]
[Black "Malek, Szymon"]
[Result "1-0"]
[ECO "C47"]
[WhiteElo "2259"]
[BlackElo "1604"]
[Annotator "TA"]
[PlyCount "87"]
[EventDate "2024.02.22"]
[EventType "team-tourn"]
[EventCountry "POL"]
[SourceTitle "playchess.com"]
[Source "ChessBase"]
[SourceQuality "1"]
[TimeControl "900+5"]

1. e4 e5 2. Nf3 Nf6 3. Nc3 Nc6 4. a3 a6 5. d4 exd4 6. Nxd4 Bc5 7. Be3 Nxd4 8. Bxd4 {[%emt 0:00:03] White is slightly better.} Qe7 9. Be2 {[%emt 0:01:18] [#] Strongly threatening e5.} b6 $2 ({Black should play} 9... d6 $14) 10. e5 $18 Bxd4 $2 (10... Ng8 {was called for.} 11. Nd5 Qd8) 11. Qxd4 Ng8 12. Nd5 Qd8 13. O-O-O {[%emt 0:00:28][%cal Oe5e6] Black must now prevent e6!} Ne7 {[%emt 0:01:31] [#]} 14. e6 $1 O-O 15. Nxe7+ Qxe7 16. Bf3 {[%emt 0:00:03] Black is weak on the light squares} ({Weaker is} 16. exd7 Bxd7 17. Bxa6 (17. Qxd7 Qxe2 18. Rd2 Qe5 $11) 17... Rxa6 $16) 16... c5 17. Qd6 Qxd6 18. Rxd6 Ra7 19. exf7+ (19. Rxb6 $6 fxe6 20. Re1 c4 $16) 19... Kxf7 20. Rxb6 Re8 21. Rd1 Rc7 22. c4 Re5 23. Kc2 Ke7 24. Kc3 Re6 25. Rb8 ({Don't take} 25. Rxe6+ $6 dxe6 26. b4 Bd7 $16) 25... Rd6 26. Bd5 Rf6 27. Re1+ Kd8 28. f3 a5 (28... Ra7 {might work better.} 29. b4 cxb4+ 30. Rxb4 (30. axb4 Rh6 $18) 30... Rg6) 29. Re4 Ra7 30. Rh4 Kc7 (30... h6 $142 31. Re4 g5) 31. Rb5 d6 (31... h6 32. Rxc5+ Kd8) 32. Rxh7 Rg6 33. g4 Ba6 34. Rxa5 Kb6 35. b4 Re7 36. Be4 Rg5 37. h4 cxb4+ 38. axb4 Rxa5 39. bxa5+ Kxa5 {[%emt 0:00:02] KRB-KRB} 40. h5 Rc7 41. Bd5 {[%emt 0:00:03] Intending h6 and mate.} Re7 42. h6 {[%emt 0:00:04] White mates.} Re3+ 43. Kd4 Re1 44. hxg7 {[%emt 0:00:00] White took control after the opening.   Weighted Error Value: White=0.35/Black=0.55.  Loses game:     	---       	Black=1      Mistake:       	---       	Black=4      Inaccurate:     	White=1     	Black=2      OK:         	White=9     	Black=9      Best:        	White=4     	Black=3} 1-0

[Event "Polish University-ch Teams 2024"]
[Site "Lublin"]
[Date "2024.02.24"]
[Round "2.17"]
[White "Zahorski, Bartosz"]
[Black "Hadrian, Patryk"]
[Result "1/2-1/2"]
[ECO "B28"]
[WhiteElo "1396"]
[BlackElo "1658"]
[Annotator "NA"]
[PlyCount "69"]
[EventDate "2024.02.22"]
[EventType "team-tourn"]
[EventCountry "POL"]
[SourceTitle "playchess.com"]
[Source "ChessBase"]
[SourceQuality "1"]
[TimeControl "900+5"]

1. e4 c5 2. Nf3 a6 3. d4 cxd4 4. Nxd4 Nf6 5. Bd3 e5 6. Nf3 Qc7 7. O-O Be7 8. c4 O-O 9. Nc3 d6 10. h3 Be6 11. Qe2 Nc6 12. Nd5 Bxd5 13. cxd5 Nb4 14. Be3 Nxd3 15. Qxd3 Rac8 16. Rac1 Qa5 17. a3 Qa4 18. Bg5 h6 19. Bxf6 Bxf6 20. b4 Qd7 21. Qd2 Rxc1 22. Rxc1 Rc8 23. Ne1 Bg5 24. Rxc8+ Qxc8 25. Qc2 Qd7 26. Nf3 Bd8 27. a4 Bb6 28. Nd2 g6 29. Nc4 Bd4 30. Qb3 b6 31. b5 a5 32. Qc2 Qc7 33. Ne3 Bc5 34. Kh1 Qe7 35. Qe2 1/2-1/2

[Event "Polish University-ch Teams 2024"]
[Site "Lublin"]
[Date "2024.02.24"]
[Round "2.18"]
[White "Adamczyk, Zuzanna"]
[Black "Czarniecka, Aleksandra"]
[Result "1/2-1/2"]
[ECO "B48"]
[WhiteElo "1970"]
[BlackElo "1961"]
[Annotator "NA RC"]
[PlyCount "111"]
[EventDate "2024.02.22"]
[EventType "team-tourn"]
[EventCountry "POL"]
[SourceTitle "playchess.com"]
[Source "ChessBase"]
[SourceQuality "1"]
[TimeControl "900+5"]

1. e4 c5 2. Nf3 d6 3. d4 cxd4 4. Nxd4 Nf6 5. Nc3 a6 6. f4 e6 7. Be2 Nc6 8. Be3 Be7 9. O-O O-O 10. Kh1 Qc7 11. a3 Bd7 12. Qe1 Nxd4 13. Bxd4 Bc6 14. Bd3 e5 15. fxe5 dxe5 16. Qg3 Nd7 17. Be3 Qd6 18. Nd5 Rfe8 19. Nxe7+ Rxe7 20. Bc4 Bxe4 21. Bg5 Bg6 22. Bxe7 Qxe7 23. Rae1 Rc8 24. Bd3 e4 25. Qf4 Nf6 26. c4 Qc5 27. Be2 h6 28. b4 Qd4 29. Qg3 Nh5 30. Bxh5 Bxh5 31. c5 Re8 32. Qe3 Qxe3 33. Rxe3 Bg6 34. g4 h5 35. h3 hxg4 36. hxg4 f6 37. Kg2 Bf7 38. Rc1 Bd5 39. Kg3 Bc6 40. Rd1 Kf7 41. Rd6 Kg6 42. Kf4 Rc8 43. Re1 Kf7 44. g5 Rh8 45. gxf6 gxf6 46. Rg1 Rh3 47. Rg3 Rxg3 48. Kxg3 Kg6 49. Kf4 Kf7 50. Rd8 Ke7 51. Rb8 Ke6 52. a4 Kd5 53. b5 axb5 54. axb5 Bxb5 55. Rxb7 Kxc5 56. Rxb5+ 1/2-1/2

[Event "Polish University-ch Teams 2024"]
[Site "Lublin"]
[Date "2024.02.24"]
[Round "2.19"]
[White "Dzida, Kamil"]
[Black "Suder, Jakub"]
[Result "0-1"]
[ECO "B30"]
[WhiteElo "2403"]
[BlackElo "2333"]
[Annotator "TA"]
[PlyCount "76"]
[EventDate "2024.02.22"]
[EventType "team-tourn"]
[EventCountry "POL"]
[SourceTitle "playchess.com"]
[Source "ChessBase"]
[SourceQuality "1"]
[TimeControl "900+5"]

1. e4 c5 2. Nf3 Nc6 3. Bb5 Nf6 4. Nc3 Qc7 5. O-O Nd4 6. Re1 a6 7. Bf1 {[%emt 0:00:17] And now e5 would win.} Ng4 8. e5 {[%emt 0:01:31] Nxd4 is the strong threat.} d6 {[%emt 0:02:03] [#]} (8... Nxf3+ $14 9. Qxf3 Nxe5) 9. exd6 $1 $16 {[%emt 0:04:31] White is better.} Qxd6 {[%emt 0:00:13] ( -> ...Nxf3+)} 10. g3 Nf6 11. Ne5 {[%emt 0:01:21] Against Bg4} g5 12. d3 Rg8 (12... h6 $16) 13. Bg2 $18 h5 14. a4 h4 (14... Be6 $142 15. Bxb7 Rd8) 15. a5 Rb8 16. Nc4 Qc7 17. Nb6 ({White should play} 17. Nd5 $18 Nxd5 18. Bxd5) 17... Be6 (17... Bg4 $16 18. Ncd5 Nxd5 19. Qxg4 Nxb6) 18. Be3 Rd8 19. Bxd4 ({Better is} 19. Ra4 $18) 19... cxd4 $16 20. Ne4 Nxe4 21. Rxe4 Bf5 (21... Rg6 $16 {is a better defense.}) 22. Re1 $18 g4 {[%emt 0:01:24] Dodges Qf3} (22... h3 $16) 23. Ra4 (23. gxh4 Rh8 24. Qe2 Rxh4 $16) 23... Be6 {[%emt 0:01:08] [#] Dodges Nd5} 24. c3 (24. gxh4 Rg6 $11) (24. Rxe6 $1 $18 fxe6 25. Rc4 (25. gxh4 Kf7 $11)) 24... h3 $2 (24... dxc3 $11 {and Black stays safe.} 25. bxc3 Qxc3) 25. Bh1 $2 (25. Rxe6 $1 $18 fxe6 26. Bxh3 (26. Rc4 Qe5 $11)) 25... dxc3 $11 26. Rae4 $2 (26. bxc3 $11 {and White is okay.} Bg7 (26... Qxc3 27. Bxb7 Bg7 28. Bxa6 $11) 27. Rxe6 fxe6 28. Qxg4 (28. Rxg4 $2 Qxc3 29. Bxb7 Rxd3 $19) (28. Rc4 Qe5 $15) 28... Qxc3 29. Qh5+ Kf8 30. Qxh3) 26... c2 $19 ({Don't do} 26... cxb2 27. R4e2 Bg7 28. Rxe6 fxe6 29. Qxg4 $19) 27. Qa1 Bh6 {[%emt 0:00:22] Active counter play!} ({Don't take} 27... Rxd3 28. Qc1) 28. Qa4+ Kf8 29. Rc4 Bxc4 ({Weaker is} 29... c1=R 30. Rexc1 Bxc4 31. Rxc4 $19) 30. Qxc2 {[%emt 0:00:01] [#]} Rxd3 $1 31. Nxc4 Rd4 32. b3 Rg6 33. Qf5 Rf6 34. Qh7 Bg7 {[%emt 0:00:02] Prevents Qh8+} 35. Qh5 Qd7 36. Qc5 Rd1 37. Qe3 Re6 38. Qxe6 fxe6 {[%emt 0:00:02] Quite a comeback for Black.   Weighted Error Value: White=0.64/Black=0.37.  Loses game:     	White=1     	Black=1      Missed win:     	White=1     	---        Mistake:       	White=3     	Black=6      Inaccurate:     	White=4     	Black=2      OK:         	White=7     	Black=11     Best:        	White=3     	Black=3      Strong:       	White=1     	---} 0-1

[Event "Polish University-ch Teams 2024"]
[Site "Lublin"]
[Date "2024.02.24"]
[Round "2.20"]
[White "Pniaczek, Marek"]
[Black "Klepek, Witold"]
[Result "0-1"]
[ECO "C02"]
[WhiteElo "2116"]
[BlackElo "2262"]
[Annotator "TA"]
[PlyCount "140"]
[EventDate "2024.02.22"]
[EventType "team-tourn"]
[EventCountry "POL"]
[SourceTitle "playchess.com"]
[Source "ChessBase"]
[SourceQuality "1"]
[TimeControl "900+5"]

1. e4 e6 2. d4 d5 3. e5 c5 4. c3 Nc6 5. Nf3 Bd7 6. Be2 Nge7 7. Na3 cxd4 8. cxd4 Ng6 {[%emt 0:00:01] C02: Französische Verteidigung (Vorstoßvariante).} 9. h4 Bb4+ 10. Kf1 Be7 11. h5 Nh4 12. Nxh4 Bxh4 13. h6 g6 14. Be3 O-O $146 ({Predecessor:} 14... Be7 15. Nc2 f6 16. exf6 Bxf6 17. g3 Qb6 18. Kg2 Nd8 19. Qd2 Nf7 20. Ne1 O-O {½-½ Afek,Y (2325)-Grafl,F (2411) Monarch Assurance 13th 2004 (7)}) 15. Qd2 Be7 16. Kg1 Qa5 17. Nc2 Rac8 18. Bd3 f6 19. exf6 Qxd2 20. Bxd2 Bxf6 21. Bc3 Ne7 22. Ne3 Nf5 23. Nxf5 gxf5 24. f4 Kf7 25. Kf2 Rg8 26. Be2 b5 27. Bh5+ Ke7 28. Bb4+ Kd8 29. Ba5+ Ke7 30. Bb4+ Kd8 31. Bc5 Be8 32. Bf3 Rxc5 33. dxc5 Bxb2 34. Rad1 Ba3 35. Bxd5 exd5 36. Rxd5+ Kc8 37. Rxf5 Bc6 38. Rg5 Rf8 (38... Rxg5 $1 $17 39. fxg5 Be8) 39. Rh4 (39. Kg3 $11 {hält das Gleichgewicht.} Bb2 40. Rg7) 39... Rd8 40. Rh3 Rd2+ 41. Kf1 (41. Ke1 $1 $11 Rxa2 (41... Rxg2 $2 42. Rxa3 Kb7 43. Rg7+ Rxg7 44. hxg7 $18) 42. Re3) 41... Rxa2 ({Vorzuziehen ist} 41... Bb2 $1 $17 {Weiss muss nun ...b4 beachten.} 42. Rhg3 b4) 42. Re3 $11 Ra1+ 43. Ke2 Bb4 44. Rg8+ Kb7 45. Re7+ Ka6 46. Rc7 $2 {[%emt 0:00:02][%mdl 8192] [#]} (46. Rxh7 $11 {und Weiss ist OK.} Ra2+ 47. Kd3 Ra3+ 48. Ke2 Ra2+ 49. Kd3 Ra3+ 50. Ke2 Ra2+) 46... Re1+ $1 $19 47. Kf2 {[%emt 0:00:02] [#]} Re6 $1 (47... Bxc5+ $2 48. Kxe1 Bb4+ 49. Ke2 $18) 48. f5 (48. Rxh7 Bxc5+ 49. Kg3 b4 $19) (48. Kf1 $142 Bxc5 (48... Rxh6 $2 49. Rgc8 $19) 49. Rgc8) 48... Bxc5+ $19 49. Kf1 Rf6 50. g4 $2 (50. Rgc8 Kb6 (50... Rxf5+ 51. Ke2 $17) 51. Rxh7) 50... Rxh6 $19 51. g5 Rh1+ 52. Ke2 Rh2+ 53. Kd3 Rh3+ 54. Ke2 Rh2+ 55. Kd3 $1 Rh3+ (55... Kb6 $142 56. Rgg7 Rh3+ 57. Ke2 Bf3+ 58. Kd2 Bb4+ 59. Ke3 Bd6) 56. Ke2 $1 $19 Kb6 57. Rgc8 Bf3+ 58. Kd2 Bb4+ 59. Kc2 Be4+ 60. Kb2 Rh2+ 61. Kb3 Bd6 (61... a5 $142 62. Rc2 Rxc2 (62... Bxc2+ $2 63. Rxc2 Rxc2 64. Kxc2 $19) 63. Rxc2 Bxc2+ 64. Kxc2 Bf8 65. Kb3 a4+ 66. Kc3 b4+ 67. Kc4 a3 68. Kb3 Kb5 69. g6 hxg6 70. f6 Kc5 71. Kc2 a2 72. Kd3 a1=Q (72... a1=B 73. f7 b3 74. Kd2 Kc4 75. Kd1 Bc3 76. Kc1 g5 77. Kd1 Kd3 78. Kc1 g4 79. Kb1 g3 80. Kc1 g2 81. Kd1 g1=Q#) 73. Ke3 Qg1+ (73... Qxf6 74. Ke2 Kd4 75. Kd1 Qf2 76. Kc1 Kc3 77. Kd1 Qf1#) 74. Kd2 Qg2+ 75. Ke3 Bh6+ 76. Kd3 Qd2+ 77. Ke4 Qe3#) 62. Rd7 Bd5+ ({Und nicht} 62... Bxf5 63. Rxd6+ Ka5 64. Ra8 Rh3+ 65. Kb2 $11) (62... Be5 $142 63. g6 Bxf5 64. Rd5 Bxc8 65. Rxe5 hxg6 66. Re7 a5 67. Re8 Bd7 68. Re7 Bf5 69. Kc3 b4+ 70. Kb3 Rh3+ 71. Kc4 Rh4+ 72. Kd5 b3 73. Re2 Rb4 74. Rb2 a4 75. Ke5 a3 76. Rd2 a2 (76... b2 {ist ein Selbstmatt.} 77. Rd6+ Ka7 78. Rf6 Re4+ 79. Kd5 b1=Q 80. Rf7+) 77. Rd1 b2 78. Rd6+ Kb7 79. Rf6 b1=Q (79... b1=R 80. Rf7+ Kb8 81. Rf8+ Bc8 82. Rf3 a1=Q+ 83. Kd6 Rd1+ 84. Rd3 Rxd3+ 85. Ke7 Qg7+ 86. Ke8 Re4#) 80. Rf7+ Kc6 81. Rf6+ Kc5 (81... Kb5 82. Kd6 Qe1 83. Rxf5+ gxf5 84. Kc7 Qe7+ 85. Kb8 a1=Q 86. Kc8 Qh8#) 82. Rc6+ Kxc6 83. Kf6 a1=Q+ (83... a1=B+ $2 84. Kf7 Rb8 85. Ke7 Qb7#) 84. Ke7 Qg7+ 85. Ke8 Rb8#) 63. Kc3 $19 Be5+ 64. Kd3 Rh3+ 65. Ke2 Bc4+ 66. Kf2 Rh5 67. Re8 Bc3 68. f6 Rxg5 69. f7 Rf5+ 70. Ke3 Rxf7 0-1

[Event "Polish University-ch Teams 2024"]
[Site "Lublin"]
[Date "2024.02.24"]
[Round "2.21"]
[White "Golenia, Wojciech"]
[Black "Rosicki, Marcin"]
[Result "1-0"]
[ECO "D46"]
[WhiteElo "2212"]
[BlackElo "2032"]
[Annotator "ChessBase"]
[PlyCount "51"]
[EventDate "2024.02.22"]
[EventType "team-tourn"]
[EventCountry "POL"]
[SourceTitle "playchess.com"]
[Source "ChessBase"]
[SourceQuality "1"]
[TimeControl "900+5"]

1. c4 Nf6 2. Nc3 c6 3. Nf3 d5 4. e3 e6 5. b3 Nbd7 6. Bb2 Bd6 7. d4 O-O 8. Bd3 Re8 9. cxd5 exd5 10. O-O Ne4 11. Qc2 Ndf6 12. Rae1 Bb8 13. Ne5 h6 14. f3 Nxc3 15. Bxc3 a5 16. g4 Nd7 17. Bh7+ Kf8 18. f4 Nf6 19. g5 Ne4 20. gxh6 Qh4 21. Bxe4 dxe4 22. hxg7+ Kxg7 23. Qxe4 Bxe5 24. dxe5 Qg4+ 25. Kh1 Qf5 26. e6+ 1-0

[Event "Polish University-ch Teams 2024"]
[Site "Lublin"]
[Date "2024.02.24"]
[Round "2.22"]
[White "Skalny, Rafal"]
[Black "Musial, Tomasz"]
[Result "1-0"]
[ECO "E21"]
[WhiteElo "1526"]
[BlackElo "2171"]
[Annotator "RC"]
[PlyCount "89"]
[EventDate "2024.02.22"]
[EventType "team-tourn"]
[EventCountry "POL"]
[SourceTitle "playchess.com"]
[Source "ChessBase"]
[SourceQuality "1"]
[TimeControl "900+5"]

1. d4 e6 2. c4 b6 3. Nc3 Bb7 4. Nf3 Bb4 5. Bd2 Nf6 6. e3 O-O 7. a3 Bxc3 8. Bxc3 Ne4 9. Bd3 Nxc3 10. bxc3 d6 11. O-O Nd7 12. Rb1 e5 13. Nd2 Qg5 14. Be4 Bxe4 15. Nxe4 Qg6 16. f3 Nf6 17. Nxf6+ Qxf6 18. Qd3 Rfe8 19. a4 Qe6 20. e4 Qd7 21. a5 bxa5 22. Rb5 Qc6 23. Rxa5 Qb6 24. Rfa1 Reb8 25. Rb5 Qc6 26. Rxb8+ Rxb8 27. Rxa7 Qb6 28. Ra2 Qb3 29. Ra7 exd4 30. Qxd4 Qb1+ 31. Kf2 Qc2+ 32. Kg3 h5 33. Qd5 h4+ 34. Kh3 Qxc3 35. Ra8 Rxa8 36. Qxa8+ Kh7 37. Qd5 Qf6 38. Qf5+ Qxf5+ 39. exf5 c6 40. Kxh4 d5 41. cxd5 cxd5 42. Kg4 f6 43. Kf4 Kh6 44. g4 d4 45. h4 1-0

[Event "Polish University-ch Teams 2024"]
[Site "Lublin"]
[Date "2024.02.24"]
[Round "2.23"]
[White "Babiarz, Arkadiusz"]
[Black "Panko, Dominik"]
[Result "1-0"]
[ECO "C50"]
[WhiteElo "2159"]
[BlackElo "1217"]
[Annotator "RC"]
[PlyCount "85"]
[EventDate "2024.02.22"]
[EventType "team-tourn"]
[EventCountry "POL"]
[SourceTitle "playchess.com"]
[Source "ChessBase"]
[SourceQuality "1"]
[TimeControl "900+5"]

1. e4 e5 2. Nf3 Nc6 3. Bc4 d6 4. d4 exd4 5. Nxd4 Ne5 6. Bb3 c5 7. Nf3 Nc6 8. Nc3 Be7 9. Nd5 Nf6 10. Nxe7 Qxe7 11. O-O O-O 12. Re1 Bg4 13. h3 Bh5 14. Bf4 Rad8 15. Bd5 Nd4 16. Qd3 Nxf3+ 17. gxf3 Bg6 18. Rad1 Rd7 19. Bg3 Nxd5 20. Qxd5 Rfd8 21. c3 Qe6 22. Kg2 Qxd5 23. Rxd5 Kf8 24. f4 f6 25. Kf3 Bf7 26. Rd2 Bxa2 27. Ra1 Bc4 28. Rxa7 Ba6 29. e5 Ke7 30. exf6+ gxf6 31. f5 d5 32. Rd1 d4 33. cxd4 cxd4 34. Ke4 d3 35. Rd2 Rc8 36. Ke3 Kf7 37. b4 Re7+ 38. Kf3 Rc2 39. Bf4 Rxd2 40. Bxd2 Re2 41. b5 Rxd2 42. bxa6 Rb2 43. Ke4 1-0

[Event "Polish University-ch Teams 2024"]
[Site "Lublin"]
[Date "2024.02.24"]
[Round "2.24"]
[White "Pawlak, Emilia"]
[Black "Furtak, Joanna"]
[Result "1-0"]
[ECO "A36"]
[WhiteElo "1531"]
[BlackElo "1883"]
[Annotator "NA"]
[PlyCount "69"]
[EventDate "2024.02.22"]
[EventType "team-tourn"]
[EventCountry "POL"]
[SourceTitle "playchess.com"]
[Source "ChessBase"]
[SourceQuality "1"]
[TimeControl "900+5"]

1. e4 c5 2. c4 Nc6 3. Nc3 g6 4. g3 Bg7 5. Bg2 d6 6. d3 a6 7. Nge2 Rb8 8. a4 Nd4 9. O-O Nf6 10. h3 O-O 11. Kh2 Bd7 12. Be3 Ne8 13. f4 b5 14. axb5 axb5 15. Rb1 b4 16. Na2 Qa5 17. Nac1 Nc7 18. g4 f5 19. gxf5 gxf5 20. Ng3 e6 21. Nh5 Rf7 22. Nxg7 Rxg7 23. Ne2 e5 24. Ng3 Rf8 25. fxe5 dxe5 26. Bh6 f4 27. Nh5 Rg6 28. Bxf8 Kxf8 29. Nxf4 exf4 30. Rxf4+ Kg7 31. Qh5 Qb6 32. Rbf1 Qd6 33. Kh1 Be6 34. e5 Qe7 35. Be4 1-0